[Event "Titled Tuesday Blitz May 23 Early 2023"]
[White "Putri, Regita Desyari"]
[Black "Avalos Parra, Joao"]
[WhiteFideId "7109083"]
[BlackFideId "3402541"]
[WhiteElo "1930"]
[BlackElo "2173"]
[Result "0-1"]
[Round "03"]
[TimeControl "180+2"]
[Date "2023.05.23"]
[WhiteClock "0:00:00"]
[BlackClock "0:00:12"]

1. d4 d5 2. c4 e6 3. Nf3 Nf6 4. g3 Bb4+ 5. Bd2 Be7 6. Bg2 O-O 7. O-O Nbd7 8. Qc2 c6 9. Nc3 a5 10. a4 dxc4 11. e4 Nb6 12. Be3 Bd7 13. Ne5 Qc8 14. Rfd1 c5 15. d5 exd5 16. exd5 Bd6 17. f4 Re8 18. Nxd7 Qxd7 19. Bf2 Ng4 20. Nb5 Ne3 21. Bxe3 Rxe3 22. Re1 Rae8 23. Rxe3 Rxe3 24. Qd2 Re8 25. Qxa5 Nc8 26. Qc3 Qe7 27. Bf1 Nb6 28. Bg2 h5 29. h4 Nc8 30. Qxc4 Qe3+ 31. Kh2 Qd2 32. Qc3 Qe2 33. Rc1 b6 34. Rc2 Qd1 35. Rd2 Qe1 36. Rc2 Qa1 37. b3 Qd1 38. Qd2 Qa1 39. Rc1 Qf6 40. Qd1 Re3 41. Qxh5 Bxf4 42. gxf4 Qxf4+ 43. Kg1 Re5 44. Qd1 Qxh4 45. Rc3 Re1+ 46. Qxe1 Qxe1+ 47. Kh2 Nd6 48. Rf3 Qh4+ 49. Rh3 Qf4+ 50. Rg3 Nxb5 51. axb5 g5 52. Kh3 f5 0-1


[Site "https://www.chess.com"]

[Event "Titled Tuesday Blitz May 23 Early 2023"]
[White "Sailer, Mike"]
[Black "Alexikov, Alexander"]
[WhiteFideId "2012901"]
[BlackFideId "14103958"]
[WhiteElo "2109"]
[BlackElo "2186"]
[Result "0-1"]
[Round "03"]
[TimeControl "180+2"]
[Date "2023.05.23"]
[WhiteClock "0:00:02"]
[BlackClock "0:01:03"]

1. d4 Nf6 2. Bg5 e6 3. Nd2 h6 4. Bh4 Be7 5. e4 d6 6. Bd3 e5 7. c3 Nc6 8. d5 Nb8 9. Ne2 Nxd5 10. Bxe7 Nxe7 11. O-O Nbc6 12. h3 Ng6 13. Ng3 Nf4 14. Bc4 g6 15. a3 h5 16. Re1 h4 17. Ngf1 Qg5 18. Ne3 Bxh3 19. Nf3 Qh5 20. gxh3 Nxh3+ 21. Kh2 Nf4 22. Nd5 Nxd5 23. Bxd5 O-O-O 24. Bxc6 bxc6 25. Ng1 Qg5 26. Qf3 f5 27. Nh3 Qf6 28. Rg1 Rh5 29. Rg2 Rf8 30. exf5 Rxf5 31. Qxc6 g5 32. Qa6+ Kd8 33. Qxa7 Rf3 34. Qb8+ Kd7 35. Qb5+ Ke7 36. Nxg5 Rxf2 37. Rg1 Qxg5 38. Qc6 Qg3+ 39. Kh1 Qh3+ 40. Rh2 Qxh2# 0-1


[Site "https://www.chess.com"]

[Event "Titled Tuesday Blitz May 23 Early 2023"]
[White "littlepillow2010"]
[Black "LionKing2367890"]
[WhiteElo "2335"]
[BlackElo "2095"]
[Result "1-0"]
[Round "03"]
[TimeControl "180+2"]
[Date "2023.05.23"]
[WhiteClock "0:00:57"]
[BlackClock "0:01:17"]

1. e4 e5 2. Nf3 Nc6 3. Nc3 Nf6 4. Bc4 Bc5 5. d3 d6 6. a3 a5 7. O-O h6 8. Be3 Ba7 9. Nb5 Bb8 10. Nd2 O-O 11. f4 Ng4 12. Qf3 Qh4 13. h3 Nxe3 14. Qxe3 Ne7 15. Kh1 c6 16. Nc3 exf4 17. Rxf4 Qg5 18. Rf3 d5 19. Qxg5 hxg5 20. exd5 cxd5 21. Nxd5 Nxd5 22. Bxd5 Ra6 23. Ne4 Rg6 24. Raf1 Be6 25. Bxe6 Rxe6 26. Nxg5 Re2 27. R3f2 Re5 28. Nxf7 1-0


[Site "https://www.chess.com"]

[Event "Titled Tuesday Blitz May 23 Early 2023"]
[White "Hartikainen, Jarmo"]
[Black "Blokhin, Sofia"]
[WhiteFideId "503134"]
[BlackFideId "4508190"]
[WhiteElo "2086"]
[BlackElo "1994"]
[Result "0-1"]
[Round "03"]
[TimeControl "180+2"]
[Date "2023.05.23"]
[WhiteClock "0:00:03"]
[BlackClock "0:00:20"]

1. e4 c5 2. c3 e6 3. d4 d5 4. e5 Nc6 5. Nf3 Qb6 6. Bd3 Bd7 7. O-O cxd4 8. cxd4 Nxd4 9. Nxd4 Qxd4 10. Qe2 Qb6 11. Nc3 Bc5 12. a3 a5 13. Kh1 Ne7 14. f4 g6 15. Bd2 Nf5 16. b4 Bd4 17. Rab1 a4 18. Rf3 Rc8 19. Bxf5 gxf5 20. Rg3 Rc4 21. Rg7 Kf8 22. Rg5 Bxc3 23. Qh5 Bxd2 24. Qh6+ Ke8 25. Rg7 Rc1+ 26. Rxc1 Bxc1 27. Qf6 Rf8 28. Rxh7 Qf2 29. h3 Qf1+ 30. Kh2 Bxf4+ 31. g3 Qf2+ 32. Kh1 Qxg3 0-1


[Site "https://www.chess.com"]

[Event "Titled Tuesday Blitz May 23 Early 2023"]
[White "chessjazda"]
[Black "Kriti Mayur Patel"]
[BlackFideId "35061780"]
[WhiteElo "2325"]
[BlackElo "1306"]
[Result "1/2-1/2"]
[Round "03"]
[TimeControl "180+2"]
[Date "2023.05.23"]
[WhiteClock "0:00:49"]
[BlackClock "0:00:39"]

1. e4 e5 2. Nf3 Nc6 3. Bc4 Nf6 4. Nc3 Nxe4 5. Bxf7+ Kxf7 6. Nxe4 d5 7. Neg5+ Kg8 8. d4 h6 9. Nh3 Bg4 10. dxe5 Nxe5 11. O-O Nxf3+ 12. Kh1 Ne5 13. Qd4 Bxh3 14. Qxe5 Bg4 15. f3 Bd7 16. Qxd5+ Kh7 17. Qe4+ g6 18. Bf4 Bf5 19. Qxb7 Bd6 20. Rad1 Qd7 21. Bxd6 cxd6 22. Qxd7+ Bxd7 23. Rxd6 Bf5 24. c4 Rab8 25. b3 Rhc8 26. g4 Bc2 27. Rc1 Bxb3 28. axb3 Rxb3 29. Rd7+ Kg8 30. Rxa7 Rxf3 31. c5 Rf6 32. Kg2 Rfc6 33. Ra5 Kf7 34. Kg3 Kf6 35. h4 Ke5 36. Re1+ Kf6 37. Rc1 Ke5 38. Rc2 Rd8 39. Rc3 Kd4 40. Raa3 Rd5 41. Rd3+ Ke4 42. Re3+ Kd4 43. Rad3+ Kxc5 44. Rc3+ Kd6 45. Ra3 Rd4 46. Rad3 Rc4 47. Kf3 Kc5 48. Re5+ Kd6 49. Ree3 Rxd3 50. Rxd3+ Ke5 51. Re3+ Kf6 52. Ra3 Rc6 53. Kg3 Rd6 54. h5 gxh5 55. gxh5 Rd5 56. Kh4 Rd4+ 57. Kg3 Rd5 58. Kg4 Rd4+ 59. Kg3 Rd5 1/2-1/2


[Site "https://www.chess.com"]

[Event "Titled Tuesday Blitz May 23 Early 2023"]
[White "ChesscularGodofchess"]
[Black "Buscar, Michael"]
[BlackFideId "2603616"]
[WhiteElo "2081"]
[BlackElo "2010"]
[Result "1-0"]
[Round "03"]
[TimeControl "180+2"]
[Date "2023.05.23"]
[WhiteClock "0:00:48"]
[BlackClock "0:00:01"]

1. d4 d5 2. Nf3 Nf6 3. Nbd2 g6 4. e3 Bg7 5. b4 O-O 6. Bb2 a5 7. b5 c6 8. c4 Bg4 9. a4 Ne4 10. Be2 c5 11. cxd5 Nxd2 12. Qxd2 Qxd5 13. O-O Rd8 14. Rfd1 Nd7 15. h3 Be6 16. Ra3 c4 17. Rc3 Nb6 18. Ra1 Bf5 19. Nh2 e5 20. Bf3 Be4 21. Bxe4 Qxe4 22. Nf3 exd4 23. exd4 Bxd4 24. Nxd4 Rxd4 25. Qh6 Rad8 26. Rcc1 Qe2 27. Bxd4 Rxd4 28. Re1 Re4 29. Rxe2 Rxe2 30. Rd1 Re8 31. Qc1 Rc8 32. Qc3 Nxa4 33. Qxa5 Nc5 34. Rd8+ Rxd8 35. Qxd8+ Kg7 36. Qd4+ 1-0


[Site "https://www.chess.com"]

[Event "Titled Tuesday Blitz May 23 Early 2023"]
[White "Aung Thant Zin"]
[Black "Yanayt, Eugene"]
[WhiteFideId "13000063"]
[BlackFideId "2020165"]
[WhiteElo "2278"]
[BlackElo "2083"]
[Result "0-1"]
[Round "03"]
[TimeControl "180+2"]
[Date "2023.05.23"]
[WhiteClock "0:00:00"]
[BlackClock "0:01:01"]

1. e4 c5 2. Nf3 d6 3. Bb5+ Bd7 4. Bxd7+ Qxd7 5. O-O Nf6 6. Re1 Nc6 7. c3 e6 8. d4 cxd4 9. cxd4 d5 10. e5 Ne4 11. Nbd2 Nxd2 12. Bxd2 Be7 13. Rc1 O-O 14. a3 Rfc8 15. Bc3 b6 16. Qd3 Na5 17. Bxa5 bxa5 18. Rc3 Qa4 19. Rec1 Rcb8 20. R1c2 h6 21. h4 Qe8 22. g4 Qd8 23. g5 hxg5 24. hxg5 Bxg5 25. Kg2 Bf4 26. Qf1 f6 27. Qh1 fxe5 28. Qh3 Qf6 29. dxe5 Bxe5 30. Re3 Qg6+ 31. Kf1 Qxc2 32. Qxe6+ Kh8 33. Nxe5 Qd1+ 34. Kg2 Rb3 35. Qh3+ Kg8 36. Rxb3 Re8 37. Nf3 Qxb3 0-1


[Site "https://www.chess.com"]

[Event "Titled Tuesday Blitz May 23 Early 2023"]
[White "Georg, Heinz"]
[Black "Lohani, Sujana"]
[WhiteFideId "4607295"]
[BlackFideId "12311987"]
[WhiteElo "2316"]
[BlackElo "1718"]
[Result "1-0"]
[Round "03"]
[TimeControl "180+2"]
[Date "2023.05.23"]
[WhiteClock "0:01:27"]
[BlackClock "0:00:07"]

1. e4 c5 2. Nf3 d6 3. Bb5+ Bd7 4. Bxd7+ Qxd7 5. O-O g6 6. c3 Bg7 7. d4 cxd4 8. cxd4 Nf6 9. Nc3 O-O 10. h3 Nc6 11. e5 dxe5 12. dxe5 Qxd1 13. Rxd1 Nh5 14. g4 Nf6 15. exf6 Bxf6 16. Be3 Rad8 17. Rxd8 Rxd8 18. Rd1 Rxd1+ 19. Nxd1 e6 20. a3 a6 21. Nc3 Na5 22. Bd4 Be7 23. Na4 Nc4 24. Ne5 b5 25. Nxc4 1-0


[Site "https://www.chess.com"]

[Event "Titled Tuesday Blitz May 23 Early 2023"]
[White "Smiechu"]
[Black "Rodriguez Polo, Mateo"]
[BlackFideId "24509396"]
[WhiteElo "2312"]
[BlackElo "2117"]
[Result "1/2-1/2"]
[Round "03"]
[TimeControl "180+2"]
[Date "2023.05.23"]
[WhiteClock "0:00:09"]
[BlackClock "0:00:13"]

1. e4 e5 2. Nf3 Nc6 3. d4 exd4 4. Nxd4 Nf6 5. Nxc6 bxc6 6. e5 Qe7 7. Qe2 Nd5 8. c4 Nb6 9. Nc3 Ba6 10. b3 O-O-O 11. Bb2 Re8 12. f4 f6 13. O-O-O fxe5 14. fxe5 Qxe5 15. Qxe5 Rxe5 16. Bd3 Re3 17. Rhe1 Bc5 18. Ne4 Rxe1 19. Rxe1 Be7 20. Rf1 Rf8 21. Bxg7 Rxf1+ 22. Bxf1 d5 23. Nf6 dxc4 24. Nxh7 Ba3+ 25. Kb1 c5 26. h4 Bb7 27. Ng5 cxb3 28. axb3 c4 29. Bxc4 Be7 30. Be6+ Kd8 31. Nf7+ Ke8 32. h5 Bxg2 33. Be5 Be4+ 34. Ka2 c5 35. h6 Nd7 36. Bg7 Nf8 37. Bc4 Bg6 38. Ne5 Bh7 39. Bf7+ Kd8 40. Nc6+ Kd7 41. Nxa7 Ne6 42. Bc3 Ng5 43. Bc4 Ne4 44. Bb5+ Ke6 45. Bg7 Nd6 46. Be2 Nf5 47. Bc3 Bg5 48. Nc6 Bxh6 49. Bg4 Kd5 50. Bxf5 Bxf5 51. Ne7+ Ke6 52. Nxf5 Kxf5 53. Ka3 Ke6 54. Ka4 Kd5 55. Kb5 Be3 56. b4 cxb4 57. Bxb4 1/2-1/2


[Site "https://www.chess.com"]

[Event "Titled Tuesday Blitz May 23 Early 2023"]
[White "Semenova, Alina"]
[Black "Manon-og, Ramon Jr."]
[WhiteFideId "24113875"]
[BlackFideId "5200776"]
[WhiteElo "1833"]
[BlackElo "2311"]
[Result "0-1"]
[Round "03"]
[TimeControl "180+2"]
[Date "2023.05.23"]
[WhiteClock "0:00:01"]
[BlackClock "0:00:30"]

1. e4 c5 2. Nf3 d6 3. d4 cxd4 4. Nxd4 Nf6 5. Nc3 a6 6. Be3 e5 7. Nb3 Be7 8. f3 h5 9. Qd2 Be6 10. O-O-O Nbd7 11. Rg1 b5 12. Kb1 Nb6 13. Bxb6 Qxb6 14. Nd5 Nxd5 15. exd5 Bd7 16. Be2 a5 17. g4 hxg4 18. fxg4 Rxh2 19. Rh1 Rxh1 20. Rxh1 Qf2 21. Rh8+ Bf8 22. a3 a4 23. Na5 Rxa5 24. Qxa5 Qxe2 25. Qa8+ Ke7 26. Qxf8+ Kf6 27. Qxd6+ Kg5 28. Qe7+ Kg6 29. Rh1 Bxg4 30. d6 Qg2 31. Rc1 Qd5 32. Rg1 Kh5 33. Qf8 g6 34. Qh8+ Kg5 35. Qd8+ f6 36. Qe7 Qd4 37. Rc1 e4 38. Qf8 e3 39. Rf1 e2 40. Re1 Qd1+ 41. Rxd1 exd1=Q+ 42. Ka2 Be6+ 43. b3 axb3+ 44. cxb3 Qxb3+ 45. Ka1 Qa2# 0-1


[Site "https://www.chess.com"]

[Event "Titled Tuesday Blitz May 23 Early 2023"]
[White "Goldin, Roman"]
[Black "Vargas, Mauricio"]
[WhiteFideId "2803860"]
[BlackFideId "4404572"]
[WhiteElo "2312"]
[BlackElo "1986"]
[Result "1-0"]
[Round "03"]
[TimeControl "180+2"]
[Date "2023.05.23"]
[WhiteClock "0:00:46"]
[BlackClock "0:00:00"]

1. e4 c5 2. Nf3 Nc6 3. c3 d6 4. d4 cxd4 5. cxd4 g6 6. d5 Nb8 7. Be3 Bg7 8. Bd4 Nf6 9. Nc3 O-O 10. Be2 a6 11. a4 Bd7 12. O-O Qe8 13. h3 a5 14. Qb3 Bc8 15. Nb5 Na6 16. e5 dxe5 17. Nxe5 Qd8 18. Bf3 Nb4 19. Nc3 e6 20. Bc5 Qc7 21. Bxf8 Kxf8 22. Rfe1 Nfxd5 23. Nxd5 exd5 24. Rac1 Qd6 25. Nd3 Nxd3 26. Qxd3 Bf5 27. Qb5 1-0


[Site "https://www.chess.com"]

[Event "Titled Tuesday Blitz May 23 Early 2023"]
[White "Li, Hui"]
[Black "Sanchez, Robert"]
[WhiteFideId "15400310"]
[BlackFideId "2034360"]
[WhiteElo "1966"]
[BlackElo "1839"]
[Result "1-0"]
[Round "03"]
[TimeControl "180+2"]
[Date "2023.05.23"]
[WhiteClock "0:00:06"]
[BlackClock "0:01:22"]

1. e4 d5 2. exd5 Qxd5 3. Nc3 Qe6+ 4. Be2 Qg6 5. Nf3 Qxg2 6. Rg1 Qh3 7. d4 Nf6 8. Bf4 g6 9. Bxc7 Bh6 10. Qd3 O-O 11. Ng5 Qf5 12. Qxf5 Bxf5 13. O-O-O Nc6 14. Kb1 Rac8 15. Bf4 Nb4 16. Rc1 Rfd8 17. Be3 Nfd5 18. Nxd5 Rxd5 19. Bf3 Nxc2 20. Bxd5 Nxe3+ 21. Be4 Rxc1+ 22. Kxc1 Bxg5 23. Rxg5 Bxe4 24. fxe3 f5 25. Rg1 1-0


[Site "https://www.chess.com"]

[Event "Titled Tuesday Blitz May 23 Early 2023"]
[White "Butolo, Alexandru-Mircea"]
[Black "Lesbekova, Assel"]
[WhiteFideId "1261649"]
[BlackFideId "13713248"]
[WhiteElo "1850"]
[BlackElo "1805"]
[Result "0-1"]
[Round "03"]
[TimeControl "180+2"]
[Date "2023.05.23"]
[WhiteClock "0:00:00"]
[BlackClock "0:00:45"]

1. e4 c5 2. Nf3 Nc6 3. d4 cxd4 4. Nxd4 e5 5. Nb5 d6 6. c4 Be6 7. N1c3 a6 8. Na3 Rc8 9. Nd5 Nf6 10. Bg5 Be7 11. Bxf6 Bxf6 12. g3 Nd4 13. Bg2 O-O 14. O-O Bxd5 15. cxd5 Be7 16. Rc1 f5 17. Nc2 Rc4 18. Nxd4 Rxd4 19. Qc2 f4 20. Rfd1 Rxd1+ 21. Qxd1 fxg3 22. hxg3 Qb6 23. Qe2 Qd4 24. Rc7 Bd8 25. Rxb7 Bb6 26. Bf3 g5 27. g4 h5 28. Kh1 hxg4 29. Bxg4 Rxf2 30. Be6+ Kf8 31. Rb8+ Ke7 32. Rb7+ Kd8 33. Rd7+ Ke8 0-1


[Site "https://www.chess.com"]

[Event "Titled Tuesday Blitz May 23 Early 2023"]
[White "Castillo Pena, Patricia Evarista"]
[Black "Silva Rosas, Natalia"]
[WhiteFideId "6412106"]
[BlackFideId "3000575"]
[WhiteElo "1919"]
[BlackElo "1651"]
[Result "1-0"]
[Round "03"]
[TimeControl "180+2"]
[Date "2023.05.23"]
[WhiteClock "0:00:19"]
[BlackClock "0:00:13"]

1. d4 f5 2. Nf3 Nf6 3. e3 g6 4. Bd3 Bg7 5. O-O O-O 6. b3 d6 7. Bb2 c6 8. c4 Na6 9. Nbd2 Nb4 10. Be2 Qe8 11. a3 Na6 12. Qc2 h6 13. e4 fxe4 14. Nxe4 Nxe4 15. Qxe4 Bf5 16. Qe3 Nc7 17. Bd3 Qf7 18. Bxf5 gxf5 19. Rae1 Rae8 20. Re2 Qh5 21. Rfe1 d5 22. Ne5 f4 23. Qf3 Qxf3 24. Nxf3 e6 25. Ne5 Rf5 26. f3 h5 27. Bc1 Bh6 28. g3 Re7 29. Kg2 Rg7 30. g4 hxg4 31. fxg4 f3+ 32. Nxf3 Rxg4+ 33. Kf2 Bxc1 34. Rxc1 Rgf4 35. Rg1+ Kf7 36. Rg3 e5 37. dxe5 Ne6 38. cxd5 cxd5 39. Kg2 Rxf3 40. Rxf3 Rxf3 41. Kxf3 Nd4+ 42. Ke3 Nxe2 43. Kxe2 Ke6 44. Kd3 Kxe5 45. h4 Kf5 46. Kd4 Kg4 47. Kxd5 Kxh4 48. Kd6 Kg4 49. Kc7 Kf5 50. Kxb7 Ke5 51. Kxa7 Kd5 52. b4 Kc4 53. Kb6 Kb3 54. b5 Kxa3 55. Ka7 Ka4 56. b6 Ka5 57. b7 Ka4 58. b8=Q Ka3 59. Ka6 1-0


[Site "https://www.chess.com"]

[Event "Titled Tuesday Blitz May 23 Early 2023"]
[White "Sarana, Alexey"]
[Black "Remizov, Yaroslav"]
[WhiteFideId "24133795"]
[BlackFideId "34134015"]
[WhiteElo "2714"]
[BlackElo "2400"]
[Result "1-0"]
[Round "04"]
[TimeControl "180+2"]
[Date "2023.05.23"]
[WhiteClock "0:00:04"]
[BlackClock "0:00:00"]

1. c4 e5 2. Nf3 Nc6 3. Nc3 Bb4 4. e3 Bxc3 5. bxc3 Nf6 6. d4 d6 7. Nd2 O-O 8. Bd3 Re8 9. O-O b6 10. Qc2 h6 11. Bb2 Bb7 12. Rae1 Qe7 13. f4 exd4 14. cxd4 Nb4 15. Qb3 Nxd3 16. Qxd3 Be4 17. Qa3 d5 18. Qxe7 Rxe7 19. Rc1 Bd3 20. Rfe1 dxc4 21. Nxc4 Bxc4 22. Rxc4 Rae8 23. Bc1 Nd5 24. g3 Nxe3 25. Bxe3 Rxe3 26. Rxe3 Rxe3 27. Rxc7 Ra3 28. Rc2 Kf8 29. Kf2 Ke7 30. Rc7+ Ke6 31. d5+ Kxd5 32. Rxf7 Rxa2+ 33. Kf3 b5 34. Rxg7 a5 35. h4 b4 36. Rb7 h5 37. f5 Kc6 38. f6 Rd2 39. f7 Rd8 40. Re7 Rf8 41. Ke2 Kd6 42. Ra7 Ke6 43. Rxa5 Kxf7 44. Rxh5 Rb8 45. Kd2 b3 46. Kc1 b2+ 47. Kb1 Rb3 48. Rg5 1-0


[Site "https://www.chess.com"]

[Event "Titled Tuesday Blitz May 23 Early 2023"]
[White "Dubov, Daniil"]
[Black "Talibov, Shiroghlan"]
[WhiteFideId "24126055"]
[BlackFideId "13429078"]
[WhiteElo "2793"]
[BlackElo "2188"]
[Result "1/2-1/2"]
[Round "04"]
[TimeControl "180+2"]
[Date "2023.05.23"]
[WhiteClock "0:00:05"]
[BlackClock "0:00:03"]

1. e4 c5 2. Nf3 Nc6 3. Nc3 Nf6 4. Bb5 e5 5. Bxc6 dxc6 6. d3 Bd6 7. Bg5 h6 8. Bh4 Be6 9. h3 Qe7 10. Bg3 Nd7 11. Nd2 Bc7 12. a4 O-O 13. O-O f6 14. b3 b6 15. Qe2 Rfe8 16. f4 exf4 17. Bxf4 Bxf4 18. Rxf4 Rad8 19. Raf1 Ne5 20. Nd1 a5 21. Ne3 b5 22. Ra1 Ng6 23. Rf2 Qc7 24. Qh5 Ne5 25. Nf3 Bf7 26. Qf5 Nxf3+ 27. Rxf3 c4 28. bxc4 bxc4 29. Ng4 Be6 30. Qg6 Bxg4 31. Qxg4 cxd3 32. cxd3 Qe5 33. Raf1 Rd6 34. Kh1 Kh7 35. Rg3 Re7 36. Qg6+ Kh8 37. Rf5 Qe6 38. Rh5 f5 39. Qxe6 Rdxe6 40. Rxf5 Re5 41. Rgf3 Rxf5 42. Rxf5 Rd7 43. Rxa5 Rxd3 44. Rc5 Ra3 45. a5 Kh7 46. Kg1 Kg8 47. Kf2 Kf7 48. e5 Ke7 49. Ke2 Kd7 50. Kd2 Ra2+ 51. Kc3 Rxg2 52. Kb3 Rg1 53. Rc2 Kc7 54. Re2 Rb1+ 55. Kc2 Rb5 56. e6 Kd8 57. Rf2 Ke7 58. a6 Ra5 59. Rf7+ Kxe6 60. Rxg7 Rxa6 61. Rg6+ Kd5 62. Rxh6 Ra2+ 63. Kb3 1/2-1/2


[Site "https://www.chess.com"]

[Event "Titled Tuesday Blitz May 23 Early 2023"]
[White "Martinez Alcantara, Jose Eduardo"]
[Black "Bondau"]
[WhiteFideId "3805662"]
[WhiteElo "2711"]
[BlackElo "2831"]
[Result "1-0"]
[Round "04"]
[TimeControl "180+2"]
[Date "2023.05.23"]
[WhiteClock "0:00:06"]
[BlackClock "0:00:02"]

1. e4 c5 2. Nf3 d6 3. c3 Nf6 4. h3 g6 5. Bd3 Bg7 6. Bc2 O-O 7. d4 cxd4 8. cxd4 a6 9. Nc3 Nc6 10. O-O b5 11. a3 Bb7 12. Qe2 Rc8 13. Rd1 Nd7 14. Bg5 Re8 15. Bb3 Na5 16. Ba2 Nc4 17. Rac1 Ndb6 18. Nh2 h6 19. Bh4 g5 20. Bg3 e6 21. Nf3 Qe7 22. Bb1 Red8 23. Re1 e5 24. Red1 Rd7 25. d5 Rdc7 26. Na2 a5 27. Ne1 Ba6 28. Nd3 Nd7 29. f3 Nc5 30. Nxc5 Rxc5 31. Bf2 R5c7 32. Bd3 h5 33. b3 Nxa3 34. Qb2 Rxc1 35. Rxc1 Nc4 36. bxc4 bxc4 37. Bf1 g4 38. hxg4 hxg4 39. fxg4 Qg5 40. Nc3 Bf6 41. Rd1 Bd8 42. Qd2 Qxg4 43. Be2 Qg7 44. Be3 Ra8 45. Rf1 Bc8 46. Bxc4 a4 47. Ra1 a3 48. Bf1 Bd7 49. Qc1 Rc8 50. Rxa3 f5 51. exf5 Bxf5 52. Qd2 Bf6 53. Bf2 e4 54. Ne2 Be5 55. Bd4 Kf7 56. Bxe5 Qxe5 57. Qg5 Rc7 58. Rg3 Bh7 59. Qh6 Ke8 60. Nf4 Rf7 61. Qe6+ Qxe6 62. Nxe6 Bf5 63. Bb5+ Ke7 64. Nd4 Bh7 65. Rh3 Kf6 66. Nc6 Bg6 67. Be2 Rb7 68. Rc3 Rb1+ 69. Kf2 Rb2 70. Ke3 Bf5 71. Nd4 Bg6 72. Nc6 Bf5 73. Nd4 Bg6 74. Rc8 Ra2 75. Nc6 Ra3+ 76. Kf4 Ra2 77. Bc4 Rxg2 78. Rd8 Rf2+ 79. Ke3 Rf3+ 80. Kd4 e3 81. Rxd6+ Kf7 82. Re6 Rf4+ 83. Kxe3 Rh4 84. Ne5+ 1-0


[Site "https://www.chess.com"]

[Event "Titled Tuesday Blitz May 23 Early 2023"]
[White "Grischuk, Alexander"]
[Black "Salinas Herrera, Pablo"]
[WhiteFideId "4126025"]
[BlackFideId "3407128"]
[WhiteElo "2721"]
[BlackElo "2546"]
[Result "1/2-1/2"]
[Round "04"]
[TimeControl "180+2"]
[Date "2023.05.23"]
[WhiteClock "0:00:07"]
[BlackClock "0:00:10"]

1. Nf3 d5 2. g3 Nf6 3. Bg2 e6 4. O-O Be7 5. d3 O-O 6. c4 c5 7. cxd5 exd5 8. d4 c4 9. Nc3 h6 10. b3 cxb3 11. Qxb3 Nc6 12. a4 Re8 13. Ba3 Bxa3 14. Qxa3 Bg4 15. e3 Rc8 16. Rfc1 Qd7 17. a5 Qf5 18. Nd2 Bh3 19. Bf3 Rcd8 20. Qb3 Rd7 21. Qb1 Qg5 22. Qd3 Bf5 23. Qf1 Nxd4 24. Bg2 Nc6 25. Nf3 Qh5 26. Nb5 Be4 27. Nbd4 Nxd4 28. Nxd4 Bxg2 29. Qxg2 Qe5 30. a6 bxa6 31. Rxa6 Rc7 32. Rxc7 Qxc7 33. Qf3 Qb7 34. Qe2 Ne4 35. Kg2 Nc5 36. Ra5 Ne6 37. Qb5 Qxb5 38. Nxb5 Ra8 39. Rxa7 Rxa7 40. Nxa7 d4 41. exd4 Nxd4 42. Nc8 Kf8 1/2-1/2


[Site "https://www.chess.com"]

[Event "Titled Tuesday Blitz May 23 Early 2023"]
[White "Fier, Alexandr"]
[Black "Bortnyk, Olexandr"]
[WhiteFideId "2107139"]
[BlackFideId "14120828"]
[WhiteElo "2610"]
[BlackElo "2734"]
[Result "0-1"]
[Round "04"]
[TimeControl "180+2"]
[Date "2023.05.23"]
[WhiteClock "0:00:14"]
[BlackClock "0:00:13"]

1. c4 Nf6 2. Nc3 b6 3. e4 e5 4. Nf3 Nc6 5. d3 Bc5 6. Be2 O-O 7. O-O a5 8. Na4 h6 9. Nxc5 bxc5 10. b3 d6 11. Ne1 Nd4 12. Nc2 Nxc2 13. Qxc2 Qe7 14. f4 Nd7 15. f5 f6 16. Bh5 Nb8 17. Bg6 Bd7 18. Rf3 Be8 19. Rg3 Bxg6 20. Rxg6 Kf7 21. Be3 Ke8 22. Rf1 Nc6 23. Rf3 Rf7 24. Rfg3 Kd7 25. R3g4 Rh8 26. Qf2 Rh7 27. Qb2 Qd8 28. h4 h5 29. Rg3 Qb8 30. Rf3 Qb4 31. Bd2 Qb6 32. Bc3 a4 33. bxa4 Qxb2 34. Bxb2 Rh8 35. Rfg3 Rg8 36. Re3 Ra8 37. g4 Ne7 38. gxh5 Nxg6 39. hxg6 Rff8 40. h5 Rh8 41. Rh3 Rxa4 42. a3 Rb8 43. Rh2 Ra7 44. Rg2 Rab7 45. Bc3 Rb3 46. Bd2 Rxd3 47. h6 gxh6 48. Bxh6 Ke7 49. Kh2 Rh8 50. g7 Rxh6+ 51. Kg1 Rd1+ 52. Kf2 Rd2+ 53. Kf3 Rxg2 54. Kxg2 Kf7 0-1


[Site "https://www.chess.com"]

[Event "Titled Tuesday Blitz May 23 Early 2023"]
[White "Mahdavi, Reza"]
[Black "Madaminov, Mukhiddin"]
[WhiteFideId "12595926"]
[BlackFideId "14210703"]
[WhiteElo "2352"]
[BlackElo "2511"]
[Result "1-0"]
[Round "04"]
[TimeControl "180+2"]
[Date "2023.05.23"]
[WhiteClock "0:01:53"]
[BlackClock "0:00:40"]

1. e4 e5 2. Nf3 Nc6 3. Nc3 Nf6 4. d4 exd4 5. Nxd4 Bb4 6. Nxc6 bxc6 7. Bd3 d5 8. Bd2 O-O 9. O-O Re8 10. Nxd5 Nxd5 11. exd5 Bxd2 12. Qxd2 cxd5 13. Rfe1 Re6 14. Qc3 Rb8 15. b4 h6 16. a4 Qd6 17. b5 d4 18. Qa5 Qc5 19. Rxe6 Bxe6 20. Re1 Rd8 21. h3 Kf8 22. f4 Bf5 23. Re5 Rd5 24. Rxd5 Qxd5 25. Qxc7 Kg8 26. Qb8+ Kh7 27. Qe5 Qxe5 28. fxe5 Kg6 29. a5 1-0


[Site "https://www.chess.com"]

[Event "Titled Tuesday Blitz May 23 Early 2023"]
[White "Lenderman, Aleksandr"]
[Black "Zherebukh, Yaroslav"]
[WhiteFideId "2021285"]
[BlackFideId "14116804"]
[WhiteElo "2607"]
[BlackElo "2531"]
[Result "0-1"]
[Round "04"]
[TimeControl "180+2"]
[Date "2023.05.23"]
[WhiteClock "0:00:00"]
[BlackClock "0:00:03"]

1. e4 c6 2. Nf3 d5 3. d3 g6 4. Be2 Bg7 5. O-O e5 6. d4 exd4 7. exd5 Ne7 8. Nxd4 Nxd5 9. Bf3 O-O 10. Re1 Na6 11. c3 Nc5 12. Nb3 Ne6 13. Bxd5 Qxd5 14. Qxd5 cxd5 15. Be3 Rd8 16. Na3 Bd7 17. Rad1 Ba4 18. Nc2 b6 19. Ncd4 Nc5 20. Rd2 Ne4 21. Rde2 h6 22. Bf4 g5 23. Bc1 Bd7 24. Nd2 Nc5 25. N2f3 Re8 26. Rxe8+ Rxe8 27. Rxe8+ Bxe8 28. Be3 Na4 29. Bc1 Bd7 30. Nc2 Nc5 31. Nfe1 f5 32. f3 Kf7 33. Ne3 Ke6 34. g4 fxg4 35. fxg4 Ke5 36. Kf2 Ke4 37. Ke2 d4 38. cxd4 Bxd4 39. Nc4 Bxg4+ 40. Kd2 Be6 41. Nd6+ Kd5 42. Nb5 Be5 43. Nxa7 Bf4+ 44. Kc2 Bf5+ 45. Kd1 Bxh2 46. Be3 Bg4+ 47. Kd2 Be5 48. b4 Ne4+ 49. Kd3 Nc3 50. Bxb6 Bf5+ 51. Ke3 Nxa2 52. Bc5 Nc3 53. Nf3 Bf4+ 54. Kf2 Ne4+ 55. Kg2 Nxc5 56. bxc5 Kxc5 57. Nb5 Be4 58. Nc3 Bc6 59. Kf2 Kc4 60. Ne2 Bd6 61. Ng3 Bc5+ 62. Ke2 Bf8 63. Ne5+ Kd5 64. Nxc6 Kxc6 65. Kf3 Kd5 66. Kg4 Ke5 67. Nh5 Ke6 68. Ng3 Kf6 69. Nh5+ Kg6 70. Ng3 Bd6 71. Ne4 Be7 72. Ng3 Bf6 73. Ne4 h5+ 74. Kg3 Be5+ 75. Kg2 g4 76. Nf2 Kg5 77. Nd3 Bd6 78. Nf2 Kf5 79. Nd1 Bc5 80. Nc3 h4 81. Nd5 h3+ 82. Kg3 Bd6+ 83. Kf2 Kg5 84. Nc3 Kf4 85. Ne2+ Kg5 86. Nc3 Kf5 87. Nd5 Be5 88. Ne3+ Kf4 89. Nxg4 Bd4+ 0-1


[Site "https://www.chess.com"]

[Event "Titled Tuesday Blitz May 23 Early 2023"]
[White "Pranav Anand"]
[Black "Demchenko, Anton"]
[WhiteFideId "46626786"]
[BlackFideId "4160258"]
[WhiteElo "2389"]
[BlackElo "2545"]
[Result "0-1"]
[Round "04"]
[TimeControl "180+2"]
[Date "2023.05.23"]
[WhiteClock "0:00:04"]
[BlackClock "0:00:04"]

1. d4 Nf6 2. c4 d6 3. Nc3 e5 4. Nf3 Nc6 5. d5 Ne7 6. e4 Ng6 7. h4 Be7 8. h5 Nf8 9. h6 g6 10. Be2 N8d7 11. Qc2 O-O 12. a3 c6 13. O-O a5 14. Rb1 c5 15. Nh2 Kh8 16. Be3 Ng8 17. Qd2 a4 18. f4 exf4 19. Bxf4 f6 20. Bd1 Ne5 21. Bxa4 Nxc4 22. Qe2 Ne5 23. Bb5 Bd7 24. Kh1 Nf7 25. Ng4 Bxg4 26. Qxg4 Ngxh6 27. Qh3 Ng8 28. Ne2 Ne5 29. Be3 Qc8 30. Qxc8 Rfxc8 31. Nf4 c4 32. Bd4 h5 33. a4 Kh7 34. Ne6 Nh6 35. Bb6 Nhg4 36. Kg1 c3 37. Nc7 Rab8 38. Ne6 cxb2 39. Rxb2 Rc3 40. a5 Rg3 41. Bc7 Ra8 42. Ra1 h4 43. Kh1 h3 44. gxh3 Rxh3+ 45. Kg1 Rg3+ 46. Kh1 g5 47. Raa2 Kg6 48. Rh2 Nxh2 49. Rxh2 Nf3 50. Bb6 Nxh2 51. Kxh2 Rg4 52. Kh3 Rh4+ 53. Kg3 Rah8 54. e5 dxe5 55. Kg2 Rh2+ 56. Kf1 Rb2 57. Bd3+ f5 58. Nc7 Rh1+ 59. Bg1 Bc5 0-1


[Site "https://www.chess.com"]